AoeStats
← wuwu114

Arena

504366999Analyzed
3v3 RM · 26d ago on Sep 5, 2026· 39m 37s· 6 players
Game mode
Random Map
Map size
Normal (6 player)
Population
200
Speed
Normal
Resources
Standard
Victory
Conquest
Starting age
Dark Age
Ending age
Imperial Age
RankedLock teamsTeams togetherTeam positionsShared explorationLock speedFull tech treeHidden civsTurbo modeCheats
Victory
Defeat
🇨🇳 Khmer · China
1087
+13
🇨🇦 Saracens · Canada
1015
+16
🇨🇦 Franks · Canada
972
+18
🇨🇱 Mongols · Chile
1069
-17
🇨🇱 Franks · Chile
1000
-15
🇨🇱 Celts · Chile
997
-15
wuwu114
4:44 Loom
7:39 Loom
9:56 Feudal Age
11:03 Double-Bit Axe
13:43 Wheelbarrow
16:32 Castle Age
17:36 Bow Saw
22:54 Stone Mining
23:34 Horse Collar
26:21 Gold Mining
26:39 Scale Barding Armor
27:31 Hand Cart
28:29 Chain Barding Armor
29:32 Heavy Plow
32:23 Imperial Age
31:05 Bimaristan
31:40 Forging
33:07 Iron Casting
32:04 Light Cavalry
32:56 Bloodlines
32:46 Husbandry
34:42 Two-Man Saw
34:20 Plate Barding Armor
34:48 Blast Furnace
34:37 Gold Shaft Mining
35:17 Siege Engineers
34:50 Elite Mameluke
35:49 Onager
Chen
7:24 Loom
9:23 Feudal Age
15:04 Castle Age
13:14 Double-Bit Axe
14:11 Stone Mining
25:29 Pikeman
26:34 Scale Barding Armor
28:48 Bow Saw
32:26 Imperial Age
29:51 Gold Mining
32:33 Husbandry
32:52 Forging
35:31 Cavalier
39:09 Iron Casting
38:55 Chain Barding Armor
40:59 Blast Furnace
Altria Pendragon
9:25 Feudal Age
11:29 Loom
15:18 Castle Age
13:35 Horse Collar
13:55 Double-Bit Axe
18:13 Heavy Plow
21:57 Wheelbarrow
22:42 Bow Saw
22:36 Gold Mining
23:08 Stone Mining
26:10 Gold Shaft Mining
28:23 Imperial Age
26:16 Hand Cart
26:41 Scale Barding Armor
26:47 Forging
27:43 Chain Barding Armor
30:02 Plate Barding Armor
30:02 Crop Rotation
29:18 Elite Battle Elephant
30:56 Iron Casting
31:06 Bloodlines
31:16 Husbandry
31:25 Fletching
32:11 Conscription
31:43 Town Watch
32:33 Tusk Swords
33:39 Stone Shaft Mining
34:15 Blast Furnace
33:11 Bodkin Arrow
33:17 Padded Archer Armor
33:18 Scale Mail Armor
38:30 Chemistry
Cisco Beats
9:36 Feudal Age
14:05 Castle Age
12:42 Double-Bit Axe
13:18 Horse Collar
20:54 Scale Barding Armor
21:54 Loom
22:37 Husbandry
23:14 Bloodlines
23:58 Forging
25:28 Wheelbarrow
25:05 Heavy Plow
30:15 Imperial Age
28:36 Chain Barding Armor
29:51 Iron Casting
29:07 Fletching
31:01 Ballistics
32:22 Town Watch
32:53 Hand Cart
32:36 Bodkin Arrow
33:42 Blast Furnace
32:06 Heavy Camel Rider
35:33 Bracer
VonPiatre
0:53 Loom
10:43 Feudal Age
15:15 Castle Age
20:43 Sanctity
22:25 Horse Collar
23:12 Double-Bit Axe
26:17 Wheelbarrow
25:54 Bow Saw
25:46 Heavy Plow
27:27 Hand Cart
33:04 Imperial Age
30:15 Pikeman
31:10 Scale Mail Armor
31:29 Gold Mining
31:52 Forging
31:39 Town Watch
32:17 Padded Archer Armor
32:52 Ballistics
33:10 Fletching
33:56 Iron Casting
34:17 Conscription
34:45 Chain Mail Armor
36:32 Chemistry
36:26 Halberdier
39:29 Blast Furnace
39:00 Plate Mail Armor
matperez302
11:44 Feudal Age
16:58 Castle Age
15:12 Double-Bit Axe
22:25 Forging
22:54 Pikeman
26:10 Wheelbarrow
32:58 Imperial Age
33:07 Iron Casting
32:32 Scale Mail Armor
32:37 Scale Barding Armor
32:29 Gold Mining
32:29 Stone Mining
33:11 Cavalier
35:41 Gold Shaft Mining
35:25 Hand Cart
36:14 Halberdier
38:50 Blast Furnace
38:06 Chain Mail Armor
Connection lost

Rejoining the realm…

Still unreachable

The connection could not be restored.

Session expired

The server has moved on; the page needs a fresh start.